 Dungeon Crawl Stone Soup version 0.30.1-4-g462c640d31 (webtiles) character file.

Game seed: 13181638554822993588

217 Kranky the Cutter (level 6, -1/46 HPs)
             Began as a Formicid Wanderer on Sept 8, 2023.
             Slain by Pikel
             ... wielding a +1 whip of flaming
              (4 damage)
             ... on level 4 of the Dungeon.
             The game lasted 00:04:31 (3113 turns).

Kranky the Cutter (Formicid Wanderer)               Turns: 3113, Time: 00:04:31

Health: -1/46      AC:  9    Str: 19    XL:     6   Next: 16%
Magic:  8/8        EV:  8    Int: 13    God:
Gold:   117        SH:  0    Dex: 11    Spells: 7/8 levels left

rFire   . . .        r - +0 glaive
rCold   . . .        (no shield)
rNeg    . . .        j - +0 chain mail
rPois   .            (helmet unavailable)
rElec   .            (no cloak)
rCorr   .            (no gloves)
SInv    +            (no boots)
Will    .....        (no amulet) Stlth
                     (no ring)
HPRegen 0.27/turn    (no ring)
MPRegen 0.11/turn

%: no passive effects
@: no status effects
A: permanent stasis, dig shafts and tunnels, antennae 3, four strong arms
a: Dig, Shaft Self


You were on level 4 of the Dungeon.
You visited 1 branch of the dungeon, and saw 4 of its levels.

You collected 117 gold pieces.

Inventory:

Hand Weapons
 a - a +2 short sword
 g - a +2 vampiric dagger
 r - a +0 glaive (weapon)
Armour
 d - a +0 leather armour
 j - a +0 chain mail (worn)
Jewellery
 m - an amulet of guardian spirit
 n - an amulet of the acrobat
 o - a +6 ring of strength
Wands
 b - a wand of polymorph (7)
Scrolls
 c - a scroll of fear
 e - 2 scrolls of magic mapping {unknown}
 h - 2 scrolls of brand weapon {unknown}
 l - a scroll of enchant weapon {unknown}
 p - a scroll of identify {unknown}
 q - 3 scrolls of blinking {unknown}
 s - a scroll of fog {unknown}
 t - a scroll of teleportation {unknown}
 u - a scroll of amnesia {unknown}
 w - a scroll of enchant armour {unknown}
Potions
 f - 2 potions of lignification {unknown}
 i - a potion of haste {unknown}
 k - 2 potions of attraction {unknown}
 v - a potion of curing {unknown}
 x - a potion of heal wounds {unknown}


   Skills:
 + Level 2.9 Fighting
 - Level 4.2 Short Blades
 + Level 1.8 Polearms
 + Level 3.5 Armour
 - Level 1.6 Spellcasting
 - Level 2.9 Hexes
 - Level 2.6 Evocations


You had 7 spell levels left.
You knew the following spells:

 Your Spells              Type           Power      Damage    Failure   Level
a - Slow                  Hex            32%        N/A       54%         1

Your spell library contained the following spells:

 Spells                   Type           Power      Damage    Failure   Level
 Apportation              Tloc           2%         N/A       91%         1
 Necrotise                Necr           4%         1d4       91%         1
 Summon Small Mammal      Summ           4%         N/A       91%         1
 Summon Guardian Golem    Hex/Summ       4%         N/A       98%         3
 Ignite Poison            Fire/Tmut/Pois 1%         N/A       100%        3
 Sticky Flame             Conj/Fire      1%         2d3       100%        4
 Ignition                 Fire           0%         3d3       100%        8


Dungeon Overview and Level Annotations

Branches:
Dungeon (4/15)
 Temple: D:4-7

Altars:
Makhleb

Annotations:
D:4 Pikel


Innate Abilities, Weirdness & Mutations

You cannot be hasted, slowed, berserked, paralysed or teleported.
You can dig through walls and to a lower floor.
You have a pair of large antennae on your head. (SInv)
Your four strong arms can wield two-handed weapons with a shield.


Message History

You slice the worm!!
You kill the worm!
Pikel hits you but does no damage.
You barely miss Pikel. Pikel hits you but does no damage.
You hit Pikel but do no damage. Pikel completely misses you.
Pikel hits you with a +1 whip of flaming.
Pikel burns you.
You barely miss Pikel.
Pikel hits you with a +1 whip of flaming.
Pikel burns you.
Pikel hits you with a +1 whip of flaming!
Pikel burns you.
You are too injured to fight recklessly!
You are too injured to fight recklessly!
You are too injured to fight recklessly!
You closely miss Pikel. Pikel barely misses you.
You hit Pikel.
Pikel is lightly wounded.
Pikel hits you with a +1 whip of flaming.
* * * LOW HITPOINT WARNING * * *
Pikel burns you.
* * * LOW HITPOINT WARNING * * *
Pikel hits you but does no damage.
You barely miss Pikel.
Pikel is lightly wounded.
Pikel hits you with a +1 whip of flaming.
* * * LOW HITPOINT WARNING * * *
Pikel burns you.
* * * LOW HITPOINT WARNING * * *
You closely miss Pikel.
Pikel is lightly wounded.
Pikel hits you with a +1 whip of flaming.
* * * LOW HITPOINT WARNING * * *
Pikel burns you.
* * * LOW HITPOINT WARNING * * *
Pikel misses you.
You closely miss Pikel.
Pikel is lightly wounded.
Pikel hits you with a +1 whip of flaming.
You die...

...^# .....# ......
..w^..### ....?...#
....^{w5# #5# #K# #@#
###.# #...# #
#...########## #
###..........#######
#########..............
..................#####
.#######..........# #
#..........##


You could see Pikel, 2 lemures and a worm.

Vanquished Creatures
  2 orc wizards (D:3)
  Terence (D:3)
  3 adders
  4 worms
  4 dart slugs
  6 orcs (D:3)
  5 endoplasms
  3 giant cockroaches
  13 goblins
  8 hobgoblins
  6 quokkas
  11 ball pythons
  9 bats
  4 frilled lizards
  8 kobolds
  6 rats
93 creatures vanquished.

Notes
Turn   | Place    | Note
-------+----------+-------------------------------------------
     0 | D:1      | Kranky the Formicid Wanderer began the quest for the Orb.
     0 | D:1      | Kranky set off with the following items: a +2 short sword,
                  | a wand of polymorph (7), a scroll of fear, a +0 leather
                  | armour; and the following spell memorised: Slow; and the
                  | following spells available to memorise: Summon Guardian
                  | Golem.
     0 | D:1      | Reached XP level 1. HP: 13/13 MP: 2/2
    77 | D:1      | Reached XP level 2. HP: 6/19 MP: 3/3
   287 | D:1      | Reached XP level 3. HP: 19/24 MP: 5/5
  1193 | D:2      | Reached XP level 4. HP: 31/31 MP: 6/6
  1222 | D:2      | Reached skill level 1 in Fighting
  2074 | D:3      | Reached XP level 5. HP: 36/38 MP: 7/7
  2232 | D:3      | Noticed Terence
  2236 | D:3      | Killed Terence
  2237 | D:3      | Reached skill level 1 in Polearms
  2363 | D:3      | Found a burning altar of Makhleb.
  2514 | D:3      | Reached XP level 6. HP: 36/46 MP: 8/8
  2878 | D:3      | Found a faded altar of an unknown god.
  3094 | D:4      | Noticed Pikel
  3113 | D:4      | Slain by Pikel

Illustrated notes

Levels and vault maps discovered:
D:1:      scummos_arrival_gate, layout_loops_ring
D:2:      layout_basic, minmay_split_cup_small
D:3:      layout_basic, bloody_makhleb, shapermc_ecumenical_altar_hornbeckon,
          uniq_terence
D:4:      layout_rooms, ashenzari_altar_1, hangedman_feature_mirror,
          nicolae_wormholes, uniq_pikel, uniq_robin

Skill      XL: |  1  2  3  4  5 |
---------------+----------------+-----
Armour         | 2 3 |  3.5
Fighting       | 2 |  2.9
Polearms       | 1 |  1.8
Short Blades   | |  4.2
Spellcasting   | |  1.6
Hexes          | |  2.9
Evocations     | |  2.6

Action                     |  1- 3 |  4- 6 || total
---------------------------+-------+-------++-------
  Melee: Short sword       |    69 |       ||    69
         Punch             |     3 |       ||     3
         Dagger            |    64 |    81 ||   145
         Glaive            |       |   151 ||   151
   Stab: Sleeping          |     1 |       ||     1
 Armour: Leather armour    |    19 |       ||    19
         Chain mail        |    24 |   151 ||   175
  Dodge: Dodged            |    51 |    78 ||   129
